 Dungeon Crawl Stone Soup version 0.17-b1-20-g63edfd6 (webtiles) character file.

83 dvd the Skirmisher (level 4, 0/50 HPs)
             Began as an Ogre Berserker on Nov 4, 2015.
             Was a Believer of Trog.
             Slain by a gnoll
             ... wielding a +0 spear
              (9 damage)
             ... on level 2 of the Dungeon.
             The game lasted 00:05:51 (1428 turns).

dvd the Skirmisher (Ogre Berserker)                 Turns: 1428, Time: 00:05:51

Health: 0/50       AC:  4    Str: 22    XL:     4   Next: 44%
Magic:  4/4        EV: 10    Int:  6    God:    Trog [**....]
Gold:   32         SH:  0    Dex: 10    Spells: 0 memorised, 3 levels left

rFire  . . .     SeeInvis .     a - +0 mace
rCold  . . .     Clarity  .     b - +0 animal skin
rNeg   . . .     SustAt   .     (no shield)
rPois  .         Gourm    .     (helmet restricted)
rElec  .         Spirit   .     g - +0 cloak
rCorr  .         Warding  .     (gloves unavailable)
rMut   .         Stasis   .     (boots unavailable)
MR     .....                    (no amulet)
Stlth  +.........               (no ring)
                                (no ring)

@: exhausted, slowed, very slow, not resistant to hostile enchantments, very
unstealthy
A: unfitting armour, tough skin 1
a: Berserk, Trog's Hand, Burn Spellbooks, Renounce Religion


You were on level 2 of the Dungeon.
You worshipped Trog.
Trog was pleased with you.
You were hungry.

You visited 1 branch of the dungeon, and saw 2 of its levels.

You collected 32 gold pieces.

Inventory:

Hand Weapons
 a - a +0 mace (weapon)
Armour
 b - a +0 animal skin (worn)
 g - a +0 cloak (worn)
Jewellery
 h - an uncursed ring of invisibility {unknown}
 p - an uncursed amulet of faith {unknown}
Scrolls
 d - 3 scrolls of amnesia {unknown}
 i - a scroll of noise {unknown}
 j - a scroll of teleportation {unknown}
 k - 2 scrolls of identify {unknown}
 l - a scroll of fear {unknown}
 m - a scroll of immolation {unknown}
 n - a scroll of recharging {unknown}
Potions
 e - 4 potions of curing {unknown}
 f - a potion of cure mutation {unknown}
 o - a potion of lignification {unknown}
Comestibles
 c - 4 bread rations
 q - 3 chunks of flesh


   Skills:
 + Level 5.0 Fighting
 + Level 4.9 Maces & Flails
 + Level 3.4 Dodging
 + Level 0.6 Stealth


You had 3 spell levels left.
You didn't know any spells.

Dungeon Overview and Level Annotations

Branches:
Dungeon (2/15)

Altars:


Innate Abilities, Weirdness & Mutations

You are too large for most types of armour.
You have tough skin (AC +1).


Message History

Your skin stops crawling.
You feel less resistant to hostile enchantments.
The gnoll hits you from afar with a spear.
The gnoll hits you from afar with a spear!
The gnoll barely misses you.
You closely miss the gnoll. The gnoll closely misses you.
The gnoll hits you with a spear.
You hit the gnoll.
The gnoll is lightly wounded.
The gnoll hits you with a spear.
* * * LOW HITPOINT WARNING * * *
The gnoll closely misses you.
You hit the gnoll.
The gnoll is moderately wounded.
The gnoll hits you with a spear.
* * * LOW HITPOINT WARNING * * *
You hit the gnoll but do no damage.
The gnoll is moderately wounded.
The gnoll hits you with a spear!
You die...

... +...#.##.. #.#
#...#.##.. ######.#
#...#.##.# ###....#.#
##...#.##.# ........
.......#.# #.....#
#####.....#.# #.....
.............
#....############....#.##
#......g@................
#....###############.#..#
###'## ..# #.#...
.######.###....# #.#...
.......)........ #.#.#.
#######.##...... #.#.#.
................ #.#.#.
########.#...... #.#.#.
.# ..<.. #.#.


You could see a gnoll.

Vanquished Creatures
  An adder (D:2)
  A gnoll (D:2)
  3 oozes
  3 worms (D:2)
  9 bats
  3 goblins
  4 hobgoblins
  2 jackals (D:2)
  2 giant newts (D:1)
  7 kobolds
  5 rats
40 creatures vanquished.

Notes
Turn   | Place    | Note
--------------------------------------------------------------
     0 | D:1      | dvd the Ogre Berserker began the quest for the Orb.
     0 | D:1      | Reached XP level 1. HP: 24/24 MP: 1/1
   405 | D:1      | Reached XP level 2. HP: 27/33 MP: 2/2
   667 | D:1      | Reached ** piety under Trog
   815 | D:1      | Reached XP level 3. HP: 32/40 MP: 3/3
  1399 | D:2      | Reached XP level 4. HP: 37/49 MP: 4/4
  1406 | D:2      | Reached skill level 5 in Fighting
  1428 | D:2      | Slain by a gnoll

Action                   |  1- 3 |  4- 6 || total
-------------------------+-------+-------++-------
Melee: Mace              |   119 |    15 ||   134
Invok: Berserk           |     1 |       ||     1
       Trog's Hand       |       |     1 ||     1
 Stab: Sleeping          |     2 |       ||     2
  Eat: Chunk             |     2 |       ||     2
